 Dungeon Crawl Stone Soup version 0.27.1-3-gb3d3a73c9e (webtiles) character file.

Game seed: 361066920165709511

410 pkoi the Slasher (level 6, 0/51 HPs)
             Began as a Minotaur Fighter on Oct 5, 2021.
             Was an Initiate of the Shining One.
             Killed by divine providence
             ... invoked by an orc priest
              (10 damage)
             ... on level 4 of the Dungeon.
             The game lasted 00:03:33 (3564 turns).

pkoi the Slasher (Minotaur Fighter)                 Turns: 3564, Time: 00:03:33

Health: 0/51       AC:  9    Str: 22    XL:     6   Next: 58%
Magic:  5/5        EV:  8    Int:  5    God:    the Shining One [......]
Gold:   124        SH: 10    Dex: 10    Spells: 5/5 levels left

rFire    . . .     SeeInvis .   a - +0 long sword
rCold    . . .     Faith    .   c - +0 kite shield
rNeg     . . .     Spirit   .   b - +0 scale mail
rPois    .         Reflect  .   (helmet restricted)
rElec    .         Harm     .   (no cloak)
rCorr    .         Rampage  .   e - +0 pair of gloves
Will     .....                  q - +0 pair of boots
Stlth    ..........             (no amulet)
HPRegen  0.17/turn              (no ring)
MPRegen  0.09/turn              (no ring)

@: glowing
A: horns 2, retaliatory headbutt
a: Renounce Religion


You were on level 4 of the Dungeon.
You worshipped the Shining One.
The Shining One was noncommittal.
You visited 1 branch of the dungeon, and saw 4 of its levels.

You collected 124 gold pieces.

Inventory:

Hand Weapons
 a - a +0 long sword (weapon)
Missiles
 g - a throwing net (quivered)
 t - 6 javelins
Armour
 b - a +0 scale mail (worn)
 c - a +0 kite shield (worn)
 e - a +0 pair of gloves (worn)
 q - a +0 pair of boots (worn)
Jewellery
 l - an amulet of magic regeneration
Wands
 k - a wand of iceblast (9)
Scrolls
 h - 3 scrolls of identify
 m - a scroll of amnesia {unknown}
 n - 2 scrolls of teleportation {unknown}
 o - a scroll of enchant weapon {unknown}
 p - a scroll of acquirement {unknown}
 u - a scroll of silence {unknown}
Potions
 d - a potion of might
 f - 2 potions of heal wounds {unknown}
 i - a potion of lignification
 j - 2 potions of degeneration {unknown}
 r - a potion of curing {unknown}
 s - 2 potions of haste


   Skills:
 - Level 3.6 Fighting
 * Level 7.1 Long Blades
 - Level 3.6 Armour
 + Level 5.9 Shields


You had 5 spell levels left.
You didn't know any spells.
Your spell library contained the following spells:

 Spells                   Type           Power      Damage    Failure   Level
 Animate Skeleton         Necr           0%         N/A       99%         1
 Apportation              Tloc           0%         N/A       99%         1
 Corona                   Hex            0%         N/A       99%         1
 Summon Small Mammal      Summ           0%         N/A       99%         1
 Ensorcelled Hibernation  Hex/Ice        0%         N/A       100%        2
 Ignite Poison            Fire/Tmut/Pois 0%         N/A       100%        3
 Mephitic Cloud           Conj/Pois/Air  0%         N/A       100%        3
 Tukima's Dance           Hex            0%         N/A       100%        3
 Bolt of Magma            Conj/Fire/Erth 0%         4d4       100%        5


Dungeon Overview and Level Annotations

Branches:
Dungeon (4/15)
 Temple: D:4-7

Altars:
The Shining One

Shops:
D:1 [(*


Innate Abilities, Weirdness & Mutations

You have a pair of horns on your head.
You reflexively headbutt those who attack you in melee.


Message History

You are too injured to fight recklessly!
You are too injured to fight recklessly!
You are too injured to fight recklessly!
You are too injured to fight recklessly!
You are too injured to fight recklessly!
You are too injured to fight recklessly!
You are too injured to fight recklessly!
You are too injured to fight recklessly!
You hit the orc.
The orc is lightly wounded.
You block the orc's attack.
You slash the orc!
You kill the orc!
You slash the orc!
You kill the orc!
The orc priest invokes the aid of Beogh against you.
Beogh smites you! You block the orc's attack.
The orc priest mumbles some strange prayers to Beogh against you.
Beogh smites you!
* * * LOW HITPOINT WARNING * * *
Items here: )) ††.
You slash the orc!
You kill the orc!
You hit the orc priest.
You headbutt the orc priest, but do no damage.
The orc priest is heavily wounded.
The orc priest looks satisfied for a moment.
The orc priest closely misses you.
You barely miss the orc priest.
The orc priest is heavily wounded.
The orc priest calls down the wrath of Beogh upon you.
Beogh smites you!
* * * LOW HITPOINT WARNING * * *
Unknown command.
You hit the orc priest.
The orc priest is severely wounded.
The orc priest invokes the aid of Beogh against you.
Beogh smites you!
You die...

#....†......# #......
#...........# #......
#...........# #......
#...........# #......
#...........# ####.##
#...........### #..#
#.............# ##.#
#...........#.# #..
#...........#@# ##.
####...........#o#
...###.
...............#o.......
........
...)..############.o.J..
....#### ......# ......
.. # ......# .....
......# ..... ......#
.... (.....# ....


You could see an orc priest and an orc.

Vanquished Creatures
  Sigmund (D:2)
  A hound (D:4)
  Natasha (thrice) (D:2)
  An iguana (D:4)
  An orc wizard (D:4)
  2 adders
  2 worms
  12 orcs
  7 ball pythons
  2 bats (D:1)
  8 endoplasms
  2 giant cockroaches
  4 hobgoblins
  4 jackals (D:1)
  4 quokkas
  5 frilled lizards
  6 goblins
  7 kobolds
  3 rats (D:1)
75 creatures vanquished.

Notes
Turn   | Place    | Note
-------+----------+-------------------------------------------
     0 | D:1      | pkoi the Minotaur Fighter began the quest for the Orb.
     0 | D:1      | Reached XP level 1. HP: 19/19 MP: 0/0
   151 | D:1      | Reached skill level 3 in Long Blades
   312 | D:1      | Reached XP level 2. HP: 26/26 MP: 1/1
   335 | D:1      | Found a faded altar of an unknown god.
   365 | D:1      | Found Ygukhlato's General Store.
   587 | D:1      | Found Risyssom's Antique Weapon Emporium.
  1193 | D:1      | Found Acissao's Antique Armour Boutique.
  1296 | D:2      | Noticed Natasha
  1306 | D:2      | Reached XP level 3. HP: 23/31 MP: 2/2
  1312 | D:2      | Killed Natasha
  1313 | D:2      | Reached skill level 4 in Long Blades
  1362 | D:2      | Noticed Natasha
  1578 | D:2      | Killed Natasha
  1579 | D:2      | Reached XP level 4. HP: 24/39 MP: 3/3
  1706 | D:2      | Noticed Natasha
  1719 | D:2      | Killed Natasha
  1720 | D:2      | Reached skill level 5 in Long Blades
  2036 | D:2      | Noticed Sigmund
  2044 | D:2      | Killed Sigmund
  2045 | D:2      | Reached skill level 6 in Long Blades
  2045 | D:2      | Reached skill level 5 in Shields
  2045 | D:2      | Reached XP level 5. HP: 43/45 MP: 4/4
  2176 | D:2      | Reached XP level 6. HP: 51/51 MP: 5/5
  2238 | D:2      | Found a glowing golden altar of the Shining One.
  2434 | D:2      | Became a worshipper of the Shining One
  3383 | D:4      | Reached skill level 7 in Long Blades
  3564 | D:4      | Killed from afar by an orc priest

Illustrated notes

Levels and vault maps discovered:
D:1:      heliophobic_arrival_henge, layout_loops_ring,
          chequers_ecumenical_altar_simple_redux, serial_shops,
          nicolae_shop_stone, shop, nicolae_shop_trees
D:2:      layout_basic, basic_altar, uniq_sigmund, uniq_natasha
D:3:      layout_loops_ring
D:4:      layout_basic, gammafunk_ghost_smash, nrook_mini_backslash

Skill      XL: |  1  2  3  4  5  6 |
---------------+-------------------+-----
Long Blades    | 3 4 6 7 |  7.1
Shields        | 4 5 |  5.9
Fighting       | |  3.6
Armour         | |  3.6

Action                   |  1- 3 |  4- 6 || total
-------------------------+-------+-------++-------
Melee: Long sword        |    86 |    98 ||   184
       Headbutt          |     6 |    23 ||    29
  Use: Scroll            |     1 |       ||     1
Armor: Scale mail        |    57 |    34 ||    91
Dodge: Dodged            |    28 |    22 ||    50
Block: Kite shield       |    57 |    43 ||   100
       Rpst.: Long sword |     5 |     6 ||    11
